 Dungeon Crawl Stone Soup version 0.30-b1-2-g02819fbbbe (webtiles) character file.

Game seed: 18348920724623715326

16 Alarkh the Sneak (level 2, 0/24 HPs)
             Began as a Demonspawn Delver on May 22, 2023.
             Killed by nerve-wracking pain
             ... invoked by an orc priest
              (2 damage)
             ... on level 6 of the Dungeon.
             The game lasted 00:00:59 (157 turns).

Alarkh the Sneak (Demonspawn Delver)                 Turns: 157, Time: 00:01:01

Health: 0/24       AC:  3    Str: 12    XL:     2   Next: 41%
Magic:  2/2        EV: 11    Int: 11    God:
Gold:   9          SH:  0    Dex: 14    Spells: 1/1 levels left

rFire   . .          .
                       - Unarmed
rCold   . . .        (no shield)
rNeg    . . .        a - +0 leather armour
rPois   .            (helmet restricted)
rElec   .            (no cloak)
rCorr   .            (no gloves)
SInv    +            (no boots)
Will    .....        (no amulet)
Stlth   ++           g - ring of see invisible
HPRegen 0.24/turn    (no ring)
MPRegen 0.08/turn

%: no passive effects
@: flying
A: horns 1
a: no special abilities


You were on level 6 of the Dungeon.
You visited 1 branch of the dungeon, and saw 2 of its levels.

You collected 9 gold pieces.

Inventory:

Armour
 a - a +0 leather armour (worn)
Jewellery
 g - a ring of see invisible (left hand)
Wands
 f - a wand of digging (3)
 h - a wand of flame (16)
Scrolls
 c - a scroll of magic mapping
Potions
 e - a potion of haste


   Skills:
 - Level 3.0 Fighting
 - Level 1.7 Dodging
 - Level 4.5 Stealth
 + Level 2.8 Unarmed Combat


You had one spell level left.
You didn't know any spells.
Your spell library was empty.

Dungeon Overview and Level Annotations

Branches:
Dungeon (6/15)
 Temple: D:4-7

Altars:
Ashenzari

Shops:
D:5 (?

Annotations:
D:5 Dowan, Duvessa


Innate Abilities, Weirdness & Mutations

You have a pair of small horns on your head.


Message History

You feel very buoyant.
You fly up into the air.
The orc shouts!
You hear a shout! x2
The adder bites you.
* * * LOW HITPOINT WARNING * * *
The adder completely misses you.
Okay, then.
Aiming: Throw Flame
Press: ? - help, Shift-Dir - straight line, f - adder
Aim: an adder (48% to hit)
The puff of flame hits the adder!
The adder is severely wounded.
The orc priest shouts!
The adder barely misses you.
An orc priest comes into view. It is wielding a +0 hand axe.
Aiming: Throw Flame
Press: ? - help, Shift-Dir - straight line, f/p - adder
Aim: an adder (severely wounded, 48% to hit)
The puff of flame hits the adder.
You kill the adder!
You have reached level 2!
Your demonic ancestry asserts itself...
A pair of horns grows on your head!
Aiming: Throw Flame
Press: ? - help, Shift-Dir - straight line, f - orc
Aim: an orc, wielding a +0 club (68% to hit)
The puff of flame hits the orc!
You kill the orc!
Aiming: Throw Flame
Press: ? - help, Shift-Dir - straight line, f - orc priest
Aim: an orc priest, wielding a +0 hand axe (68% to hit)
The puff of flame misses the orc priest. x2
Aiming: Throw Flame
Press: ? - help, Shift-Dir - straight line, f/p - orc priest
Aim: an orc priest, wielding a +0 hand axe (68% to hit)
The puff of flame hits the orc priest.
The orc priest is moderately wounded.
The orc priest mumbles some strange prayers to Beogh against you.
Pain shoots through your body!
You die... ##########.# #.o.o.@....# #.##########

You could see 2 orc priests.

Vanquished Creatures
  An adder (D:6)
  An ufetubus (D:5)
  An orc (D:6)
3 creatures vanquished.

Notes
Turn   | Place    | Note
-------+----------+-------------------------------------------
     0 | D:5      | Alarkh the Demonspawn Delver began the quest for the Orb.
     0 | D:5      | Reached XP level 1. HP: 18/18 MP: 1/1
    12 | D:5      | Found a broken altar of Ashenzari.
    67 | D:5      | Found Enaceh's Magic Scroll Boutique.
    67 | D:5      | Noticed an ice beast
   103 | D:5      | Found Xuankirch's Weapon Emporium.
   104 | D:5      | Noticed Duvessa
   124 | D:5      | Noticed an orc priest
   139 | D:5      | Noticed Dowan
   151 | D:6      | Noticed an orc priest
   153 | D:6      | Noticed an orc priest
   155 | D:6      | Gained mutation: You have a pair of small horns on your
                  | head. [demonic ancestry]
   155 | D:6      | Reached XP level 2. HP: 1/24 MP: 2/2
   157 | D:6      | Killed from afar by an orc priest

Illustrated notes

Levels and vault maps discovered:
D:5:      layout_loops_ring, lemuel_doored_altar,
          mainiacjoe_overflow_divided_tiny, serial_shops, shop,
          nicolae_shop_statue_plus, nicolae_shop_hallway_plus, shop, shop,
          st_stairs_10, hex_tiny, solitary_fountain, minmay_checkerbox,
          uniq_duvessa, uniq_blork_the_orc
D:6:      layout_loops_ring, corexii_mini_fake_secret_closet, uniq_menkaure,
          uniq_edmund, uniq_sigmund

Skill      XL: |  1 |
---------------+----+-----
Unarmed Combat | 2 |  2.8
Fighting       | |  3.0
Dodging        | |  1.7
Stealth        | |  4.5

Action                     || total
---------------------------++-------
  Melee: Unarmed           ||     1
  Evoke: Wand              ||     6
    Use: Scroll            ||     2
         Potion            ||     1
   Stab: Sleeping          ||     1
 Armour: Leather armour    ||     2
  Dodge: Dodged            ||     7
